 Dungeon Crawl Stone Soup version 0.28-a0-1227-ga9037bb4c8 (webtiles) character file.

Game seed: 12677285133275905486

308 flotson the Ducker (level 6, 48/48 HPs)
             Began as a Demonspawn Gladiator on Dec 23, 2021.
             Quit the game on level 4 of the Dungeon.
             The game lasted 00:03:49 (3847 turns).

flotson the Ducker (Demonspawn Gladiator)           Turns: 3847, Time: 00:03:50

Health: 48/48      AC:  9    Str: 17    XL:     6   Next: 16%
Magic:  6/6        EV: 12    Int: 11    God:
Gold:   183        SH:  0    Dex: 14    Spells: 5/5 levels left

rFire   . . .      SeeInvis .   a - +2 mace (protect)
rCold   . . .      Faith    .   (no shield)
rNeg    . . .      Spirit   .   k - +0 ring mail
rPois   .          Reflect  .   (helmet restricted)
rElec   .          Harm     .   (no cloak)
rCorr   .          Rampage  .   (no gloves)
Will    .....                   (no boots)
Stlth   +.........              (no amulet)
HPRegen 0.16/turn               l - +4 ring of protection
MPRegen 0.10/turn               (no ring)

@: no status effects
A: antennae 2, big brain 1
a: no special abilities


You were on level 4 of the Dungeon.
You visited 1 branch of the dungeon, and saw 4 of its levels.

You collected 183 gold pieces.

Inventory:

Hand Weapons
 a - a +2 mace of protection (weapon)
 b - a +0 hunting sling
Missiles
 d - 3 throwing nets (quivered)
 i - 33 sling bullets
Armour
 g - a +1 robe of cold resistance
 k - a +0 ring mail (worn)
Jewellery
 l - a +4 ring of protection (left hand)
 q - a ring of fire
 r - a +6 ring of strength
Scrolls
 c - 2 scrolls of fear {unknown}
 f - a scroll of vulnerability {unknown}
 h - a scroll of blinking {unknown}
 j - 5 scrolls of identify {unknown}
 o - a scroll of fog {unknown}
 p - a scroll of magic mapping {unknown}
 s - a scroll of teleportation {unknown}
Potions
 e - a potion of mutation {unknown}
 m - a potion of cancellation {unknown}
 n - a potion of flight {unknown}


   Skills:
 + Level 3.6 Fighting
 - Level 2.6 Maces & Flails
 + Level 3.2 Throwing
 + Level 2.6 Armour
 + Level 3.9 Dodging


You had 5 spell levels left.
You didn't know any spells.
Your spell library contained the following spells:

 Spells                   Type           Power      Damage    Failure   Level
 Conjure Flame            Conj/Fire      0%         6-21      88%         3
 Gell's Gravitas          Tloc           0%         N/A       88%         3
 Ignite Poison            Fire/Tmut/Pois 0%         N/A       88%         3
 Lesser Beckoning         Tloc           0%         N/A       88%         3
 Ozocubu's Armour         Ice            0%         N/A       88%         3
 Teleport Other           Tloc           0%         N/A       88%         3
 Sticky Flame             Conj/Fire      0%         2d3       99%         4
 Ozocubu's Refrigeration  Ice            0%         4d5       100%        7


Dungeon Overview and Level Annotations

Branches:
Dungeon (4/15)
 Temple: D:4-7

Altars:


Innate Abilities, Weirdness & Mutations

You have a pair of antennae on your head.
You have an unusually large brain. (Int +2)


Message History

The hound is almost dead.
The hound bites you but does no damage. The hound barely misses you.
You hit the hound.
You kill the hound!
No target in view!
No target in view!
No target in view!
No target in view!
No target in view!
A kobold comes into view. It is wielding a +0 short sword.
The kobold shouts!
The kobold hits you but does no damage.
You barely miss the kobold.
The kobold hits you with a +0 short sword.
The kobold hits you but does no damage.
You hit the kobold.
Your weapon exudes an aura of protection.
The kobold is severely wounded.
The kobold closely misses you.
You hit the kobold.
You kill the kobold!
No target in view!
No target in view!
No target in view!
No target in view!
No target in view!
Things that are here:
a +0 short sword; a kobold corpse You see here a +0 hand axe.
r - a +6 ring of strength You now have 172 gold pieces (gained 10).
Found a stone staircase leading up.
You now have 183 gold pieces (gained 11).
Things that are here:
a +0 hand axe; a +0 whip
Things that are here:
a +0 dagger of speed; a +0 robe
There is a stone staircase leading down here.
s - a scroll labelled ALUEQ WULE Are you sure you want to abandon this character and quit the game? (Confirm with "yes".)

)##.#.#.########.#######.#
..#.#.#..................#
#.#.#.##########.#########
#...#.# #.#
##..#.##########.#
.................#
##.>#.############
##.#............#
#.######### #@# #.# #.#
###.# #.# ..#.# #.# #.#.#
#.# #.#.# #.#
#.#.############.#####.#
#.#.....................
#.##########.#.#.#######


There were no monsters in sight!

Vanquished Creatures
  A howler monkey (D:3)
  A jelly (D:4)
  2 hounds (D:4)
  An orc priest (D:4)
  An iguana (D:4)
  An orc wizard (D:4)
  4 adders
  A dart slug (D:1)
  An orc (D:4)
  8 endoplasms
  6 giant cockroaches
  4 goblins
  4 jackals (D:2)
  4 quokkas
  4 ball pythons
  5 bats
  4 frilled lizards
  5 kobolds
  8 rats
65 creatures vanquished.

Notes
Turn   | Place    | Note
-------+----------+-------------------------------------------
     0 | D:1      | flotson the Demonspawn Gladiator began the quest for the
                  | Orb.
     0 | D:1      | Reached XP level 1. HP: 16/16 MP: 1/1
   326 | D:1      | Gained mutation: You have a pair of small antennae on your
                  | head. [demonic ancestry]
   326 | D:1      | Reached XP level 2. HP: 20/22 MP: 2/2
   359 | D:1      | Found a faded altar of an unknown god.
   804 | D:1      | Reached skill level 1 in Armour
  1062 | D:2      | Gained mutation: You have a pair of antennae on your head.
                  | [demonic ancestry]
  1062 | D:2      | Reached XP level 3. HP: 26/28 MP: 3/3
  1917 | D:2      | Reached XP level 4. HP: 34/34 MP: 4/4
  2641 | D:4      | Reached XP level 5. HP: 37/41 MP: 5/5
  3204 | D:4      | Gained mutation: You have an unusually large brain. (Int
                  | +2) [demonic ancestry]
  3204 | D:4      | Reached XP level 6. HP: 22/47 MP: 6/6
  3847 | D:4      | Quit the game

Illustrated notes

Levels and vault maps discovered:
D:1:      minmay_arrival_cross, layout_loops_ring,
          ebering_ecumenical_altar_mist, nicolae_concentric_dashed_squares_wild
D:2:      layout_loops_ring, serial_bayou_ford_a
D:3:      layout_rooms, chequers_serial_rivers_micro_c
D:4:      layout_basic

Skill      XL: |  1  2  3  4  5 |
---------------+----------------+-----
Throwing       | 2 3 |  3.2
Dodging        | 3 |  3.9
Armour         | 1 2 |  2.6
Fighting       | 3 |  3.6
Maces & Flails | |  2.6

Action                   |  1- 3 |  4- 6 || total
-------------------------+-------+-------++-------
Melee: Flail             |    40 |       ||    40
       Mace              |    98 |    88 ||   186
 Stab: Sleeping          |     2 |       ||     2
Armor: Leather armour    |    73 |       ||    73
       Ring mail         |    11 |    33 ||    44
Dodge: Dodged            |   116 |    62 ||   178

Table legend: (Time is in decaauts)
 A = Elapsed time spent in this place.
 B = Non-inter-level travel time spent in this place.
 C = Inter-level travel time spent in this place.
 D = Time resting spent in this place.
 E = Time spent auto-exploring this place.
 F = Levels seen in this place.
 G = Mean time per level.
                   A        B        C        D        E       F      G
               +--------+--------+--------+--------+--------+-----+--------+
         Total |   3914 |   3793 |    121 |      0 |   3225 |   4 |  978.5 |
       Dungeon |   3914 |   3793 |    121 |      0 |   3225 |   4 |  978.5 |
               +--------+--------+--------+--------+--------+-----+--------+

Top non-repeatable levels by time:
     D:4: 1265 daAuts
     D:1: 1060 daAuts
     D:2: 991 daAuts
     D:3: 597 daAuts
